Wild vs Ice Caps

Created - Saturday, February 13, 2016 at 03:12

Goals
1 2 3 T
Wild 0 1 0 1
Ice Caps 1 0 1 2
Shots
1 2 3 T
Wild 4 8 12 24
Ice Caps 18 3 10 31

1st period

1. Ice Caps , Ryan Carter 13 (Trevor Smith, Scott Gomez) at 7:44 (PP)

Penalties :
B.J. Crombeen (STJ) for Fighting (Major) at 0:53, Jon Landry (IOW) for Fighting (Major) at 0:53, Derek Grant (STJ) for Fighting (Major) at 0:58, Nick Tuzzolino (IOW) for Fighting (Major) at 0:58, Michael Keranen (IOW) for Roughing (Minor) at 6:20, David Wolf (IOW) for Holding (Minor) at 18:15

2nd period

2. Wild , Micheal Haley 8 (David Wolf) at 19:45

Penalties :
Derek Grant (STJ) for Fighting (Major) at 1:40, Jon Landry (IOW) for Fighting (Major) at 1:40, David Wolf (IOW) for Roughing (Minor) at 6:56, Cam Janssen (IOW) for Tripping (Minor) at 11:46

3rd period

3. Ice Caps , Shawn Thornton 8 (Patrick Dwyer, Alex Biega) at 11:52

Penalties :
No Penalty

Goalie Stats

Jordan Binnington (IOW), 16 saves from 17 shots - (0.941), L, 21-11-14, 42:26 minutes
Doug Carr (IOW), 13 saves from 14 shots - (0.929), 17:34 minutes
Jeff Zatkoff (STJ), 23 saves from 24 shots - (0.958), W, 17-5-9, 60:00 minutes

Players Stats for Wild

Player Name              G  A  P  +/- PIM S  H  SB GA TA FO     MP     PP MP  PK MP  
------------------------------------------------------------------------------------
Alex Friesen             0  0  0  -1  0   4  3  0  3  0  4/9    17:11   0:00   0:00 
Anthony Camara           0  0  0  -1  0   0  0  0  0  3  2/2    16:15   0:00   0:00 
Cam Janssen              0  0  0  -1  2   0  2  0  0  0  0/0    16:04   0:00   0:00 
Colin Stuart             0  0  0   0  0   1  0  0  3  0  0/0     8:10   0:00   0:00 
Dan Catenacci            0  0  0   0  0   1  2  0  0  0  0/3    19:50   0:00   2:14 
David Wolf               0  1  1   1  4   4  3  0  3  0  0/2    17:46   0:00   2:07 
Devin Shore              0  0  0   0  0   1  1  0  0  1  3/4    11:19   0:00   3:08 
Francis Wathier          0  0  0   0  0   2  3  1  0  2  0/0    15:07   0:00   0:45 
Jani Hakanpaa            0  0  0   0  0   0  0  0  0  0  0/0     0:26   0:00   0:00 
Jerome Leduc             0  0  0  -1  0   1  1  0  1  0  0/0    18:58   0:00   0:00 
Jon Landry               0  0  0   0  10  0  1  0  0  1  0/0    19:57   0:00   4:24 
Julius Honka             0  0  0   1  0   0  2  0  0  0  0/0     8:27   0:00   0:00 
Mark Van Guilder         0  0  0   1  0   2  1  2  0  0  11/15  20:21   0:00   5:20 
Michael Keranen          0  0  0   0  2   0  2  1  1  0  0/0    14:24   0:00   0:03 
Micheal Haley            1  0  1   1  0   4  0  0  2  0  0/0    16:05   0:00   1:05 
Mike Moore               0  0  0  -1  0   2  3  0  0  0  0/0    27:55   0:00   2:57 
Nick Tuzzolino           0  0  0   1  5   2  0  0  0  3  0/0    18:40   0:00   4:24 
Steve Eminger            0  0  0   0  0   0  0  3  0  2  0/0    25:32   0:00   2:57 

Players Stats for Ice Caps

Player Name              G  A  P  +/- PIM S  H  SB GA TA FO     MP     PP MP  PK MP  
------------------------------------------------------------------------------------
Alex Biega               0  1  1   0  0   0  2  0  1  0  0/0    24:17   3:06   0:00 
Alex Grant               0  0  0   0  0   2  1  1  0  1  0/0    24:17   3:06   0:00 
B.J. Crombeen            0  0  0   0  5   2  0  0  1  0  1/1    16:20   3:38   0:00 
Barry Goers              0  0  0   0  0   2  1  0  0  2  0/0    15:45   0:00   0:00 
Bobby Sanguinetti        0  0  0   0  0   1  2  1  0  2  0/0    19:57   4:15   0:00 
Brandon Yip              0  0  0   0  0   0  2  0  0  0  1/3    15:47   0:00   0:00 
Chris Conner             0  0  0   0  0   3  2  0  4  0  0/0    15:47   0:00   0:00 
Derek Grant              0  0  0   0  10  1  2  0  1  0  3/7    12:18   0:00   0:00 
Kyle MacKinnon           0  0  0  -1  0   2  3  0  0  1  1/3     8:04   0:00   0:00 
Nathan Oystrick          0  0  0   0  0   0  2  0  0  0  0/0    15:45   0:00   0:00 
Nick D'Agostino          0  0  0   0  0   0  0  0  0  0  0/0    19:57   4:15   0:00 
Patrick Dwyer            0  1  1   1  0   2  5  0  4  0  0/0    17:53   3:43   0:00 
Paul Carey               0  0  0  -1  0   6  3  0  2  0  0/1     9:32   0:00   0:00 
Ryan Carter              1  0  1   0  0   2  3  1  5  1  1/4    18:10   3:38   0:00 
Scott Gomez              0  1  1   1  0   4  0  1  1  0  6/12   21:51   3:43   0:00 
Shawn Thornton           1  0  1   1  0   3  2  0  2  0  0/0    16:30   3:43   0:00 
Tim Kennedy              0  0  0  -1  0   0  1  0  1  0  2/4     9:32   0:00   0:00 
Trevor Smith             0  1  1   0  0   1  1  0  3  0  0/0    18:10   3:38   0:00 

3 Stars

1 - Jeff Zatkoff (STJ)
2 - Shawn Thornton (STJ)
3 - Ryan Carter (STJ)

Power Play

Wild - 0 on 0 Attempt(s) - 0.00%
Ice Caps - 1 on 4 Attempt(s) - 25.00%

Penalty Kill

Wild - 3 on 4 Attempt(s) - 75.00% - Score 0 goal in Penalty Kill
Ice Caps - 0 on 0 Attempt(s) - 0.00% - Score 0 goal in Penalty Kill

Team Stat

Wild - Hits : 24 - Faceoff Wins : 20 - Blocked Shots : 7 - Penalty Minutes : 23
Ice Caps - Hits : 32 - Faceoff Wins : 15 - Blocked Shots : 4 - Penalty Minutes : 15

Official

Referees : Unknown
Linesman : Unknown

Game Notes

B.J. Crombeen beats up Jon Landry at 0:53 of 1st period
Derek Grant beats up Nick Tuzzolino at 0:58 of 1st period
Doug Carr is injured at 17:34 of 1st period (Strained Right Elbow)
Jordan Binnington enters game at 17:34 of 1st period
Jon Landry beats up Derek Grant at 1:40 of 2nd period

Finance

Level 1 -- Attendance: 1527 (76.35%) -- Ticket Income $42,756
Level 2 -- Attendance: 775 (77.50%) -- Ticket Income $11,625
Total Attendance: 2302 (76.73%)
Total Ticket Income: $54,381
Other Income: $26,647
Total Income: $81,028

Wild

5 vs 5 Forward 
   Center                   Left Wing                Right Wing               Time % Phy DF OF 
 1 Mark Van Guilder         David Wolf               Micheal Haley            35     1   2  2  
 2 Dan Catenacci            Francis Wathier          Michael Keranen          30     1   2  2  
 3 Alex Friesen             Anthony Camara           Cam Janssen              22     1   2  2  
 4 Devin Shore              Colin Stuart             Dan Catenacci            13     1   2  2  

5 vs 5 Defense 
   Defense                  Defense                                           Time % Phy DF OF 
 1 Mike Moore               Steve Eminger                                     35     1   2  2  
 2 Jon Landry               Nick Tuzzolino                                    30     1   2  2  
 3 Mike Moore               Jerome Leduc                                      22     1   2  2  
 4 Jon Landry               Steve Eminger                                     13     1   2  2  

PowerPlay Forward 
   Center                   Left Wing                Right Wing               Time % Phy DF OF 
 1 Mark Van Guilder         David Wolf               Micheal Haley            60     1   2  2  
 2 Dan Catenacci            Francis Wathier          Michael Keranen          40     1   2  2  

PowerPlay Defense
   Defense                  Defense                                           Time % Phy DF OF 
 1 Mike Moore               Steve Eminger                                     60     1   2  2  
 2 Jon Landry               Nick Tuzzolino                                    40     1   2  2  

Penalty Kill 4 Players Forward 
   Center                   Wing                     Time % Phy DF OF 
 1 Mark Van Guilder         David Wolf               60     1   2  2  
 2 Micheal Haley            Dan Catenacci            40     1   2  2  

Penalty Kill 4 Players Defense
   Defense                  Defense                  Time % Phy DF OF 
 1 Mike Moore               Steve Eminger            60     1   2  2  
 2 Jon Landry               Nick Tuzzolino           40     1   2  2  

Penalty Kill - 3 Players Forward 
   Forward                                           Time % Phy DF OF 
 1 Mark Van Guilder                                  60     1   2  2  
 2 David Wolf                                        40     1   2  2  

Penalty Kill - 3 Players Defense
   Defense                  Defense                  Time % Phy DF OF 
 1 Mike Moore               Steve Eminger            60     1   2  2  
 2 Jon Landry               Nick Tuzzolino           40     1   2  2  

4 vs 4 Forward 
   Center                   Wing                     Time % Phy DF OF 
 1 Mark Van Guilder         David Wolf               60     1   2  2  
 2 Micheal Haley            Dan Catenacci            40     1   2  2  

4 vs 4 Defense
   Defense                  Defense                  Time % Phy DF OF 
 1 Jerome Leduc             Steve Eminger            60     1   2  2  
 2 Jon Landry               Nick Tuzzolino           40     1   2  2  

Last Minutes Offensive
   Center                   Left Wing                Right Wing               Defense                  Defense                  
   Mark Van Guilder         David Wolf               Micheal Haley            Jon Landry               Steve Eminger            

Last Minutes Defensive
   Center                   Left Wing                Right Wing               Defense                  Defense                  
   Mark Van Guilder         David Wolf               Micheal Haley            Jon Landry               Steve Eminger            

Goaltenders
Starting : Doug Carr                
Backup : Jordan Binnington        

Extra Forwards
Normal : Alex Friesen, Anthony Camara, Devin Shore - PP : Alex Friesen, Anthony Camara - PK : Devin Shore
Extra Defensemen
Normal : Mike Moore, Jerome Leduc, Jon Landry - PP : Mike Moore - PK : Jerome Leduc, Jon Landry
Penalty Shots
Mark Van Guilder, David Wolf, Micheal Haley, Dan Catenacci, Alex Friesen

Ice Caps

5 vs 5 Forward 
   Center                   Left Wing                Right Wing               Time % Phy DF OF 
 1 Scott Gomez              Patrick Dwyer            Shawn Thornton           35     1   2  2  
 2 Ryan Carter              Trevor Smith             B.J. Crombeen            30     1   2  2  
 3 Derek Grant              Chris Conner             Brandon Yip              22     1   2  2  
 4 Tim Kennedy              Paul Carey               Scott Gomez              13     1   2  2  

5 vs 5 Defense 
   Defense                  Defense                                           Time % Phy DF OF 
 1 Alex Grant               Alex Biega                                        35     1   2  2  
 2 Bobby Sanguinetti        Nick D'Agostino                                   30     1   2  2  
 3 Nathan Oystrick          Barry Goers                                       22     1   2  2  
 4 Alex Grant               Alex Biega                                        13     1   2  2  

PowerPlay Forward 
   Center                   Left Wing                Right Wing               Time % Phy DF OF 
 1 Scott Gomez              Patrick Dwyer            Shawn Thornton           60     1   2  2  
 2 Ryan Carter              Trevor Smith             B.J. Crombeen            40     1   2  2  

PowerPlay Defense
   Defense                  Defense                                           Time % Phy DF OF 
 1 Alex Grant               Alex Biega                                        60     1   2  2  
 2 Bobby Sanguinetti        Nick D'Agostino                                   40     1   2  2  

Penalty Kill 4 Players Forward 
   Center                   Wing                     Time % Phy DF OF 
 1 Scott Gomez              Patrick Dwyer            60     1   2  2  
 2 Ryan Carter              Trevor Smith             40     1   2  2  

Penalty Kill 4 Players Defense
   Defense                  Defense                  Time % Phy DF OF 
 1 Alex Grant               Alex Biega               60     1   2  2  
 2 Bobby Sanguinetti        Nick D'Agostino          40     1   2  2  

Penalty Kill - 3 Players Forward 
   Forward                                           Time % Phy DF OF 
 1 Scott Gomez                                       60     1   2  2  
 2 Patrick Dwyer                                     40     1   2  2  

Penalty Kill - 3 Players Defense
   Defense                  Defense                  Time % Phy DF OF 
 1 Alex Grant               Alex Biega               60     1   2  2  
 2 Bobby Sanguinetti        Nick D'Agostino          40     1   2  2  

4 vs 4 Forward 
   Center                   Wing                     Time % Phy DF OF 
 1 Scott Gomez              Patrick Dwyer            60     1   2  2  
 2 Ryan Carter              Trevor Smith             40     1   2  2  

4 vs 4 Defense
   Defense                  Defense                  Time % Phy DF OF 
 1 Alex Grant               Alex Biega               60     1   2  2  
 2 Bobby Sanguinetti        Nick D'Agostino          40     1   2  2  

Last Minutes Offensive
   Center                   Left Wing                Right Wing               Defense                  Defense                  
   Scott Gomez              Patrick Dwyer            Shawn Thornton           Alex Grant               Alex Biega               

Last Minutes Defensive
   Center                   Left Wing                Right Wing               Defense                  Defense                  
   Scott Gomez              Patrick Dwyer            Shawn Thornton           Alex Grant               Alex Biega               

Goaltenders
Starting : Jeff Zatkoff             
Backup : Scott Greenham           

Extra Forwards
Normal : Kyle MacKinnon, Chris Conner, Derek Grant - PP : Kyle MacKinnon, Chris Conner - PK : Derek Grant
Extra Defensemen
Normal : Nathan Oystrick, Barry Goers, Bobby Sanguinetti - PP : Nathan Oystrick - PK : Barry Goers, Bobby Sanguinetti
Penalty Shots
Scott Gomez, Patrick Dwyer, Ryan Carter, Trevor Smith, Shawn Thornton

% Time on Ice - Wild

Lines # - Real PCT - Wanted PCT - Time Play
Normal Forward
1 - 30% - 35% - 15:42
2 - 26% - 30% - 13:42
3 - 29% - 22% - 15:05
4 - 16% - 13% - 8:10
Normal Defense
1 - 30% - 35% - 15:40
2 - 33% - 30% - 17:28
3 - 24% - 22% - 12:34
4 - 13% - 13% - 6:57
PP Forward
1 - 0% - 60%
2 - 0% - 40%
PP Defense
1 - 0% - 60%
2 - 0% - 40%
PK Forward
1 - 85% - 60% - 6:16
2 - 15% - 40% - 1:05
PK Defense
1 - 40% - 60% - 2:57
2 - 60% - 40% - 4:24
PK3 Forward
1 - 0% - 60%
2 - 0% - 40%
PK3 Defense
1 - 0% - 60%
2 - 0% - 40%
44 Forward
1 - 0% - 60%
2 - 0% - 40%
44 Defense
1 - 0% - 60%
2 - 0% - 40%
Last Minute Offensive  - 0:00
Last Minute Defensive  - 0:00
Total
Forward - 60:00
Defense - 60:00

% Time on Ice - Ice Caps

Lines # - Real PCT - Wanted PCT - Time Play
Normal Forward
1 - 23% - 35% - 11:49
2 - 28% - 30% - 14:32
3 - 31% - 22% - 15:47
4 - 18% - 13% - 9:33
Normal Defense
1 - 33% - 35% - 16:51
2 - 30% - 30% - 15:42
3 - 30% - 22% - 15:45
4 - 7% - 13% - 3:23
PP Forward
1 - 51% - 60% - 3:43
2 - 49% - 40% - 3:38
PP Defense
1 - 42% - 60% - 3:06
2 - 58% - 40% - 4:15
PK Forward
1 - 0% - 60%
2 - 0% - 40%
PK Defense
1 - 0% - 60%
2 - 0% - 40%
PK3 Forward
1 - 0% - 60%
2 - 0% - 40%
PK3 Defense
1 - 0% - 60%
2 - 0% - 40%
44 Forward
1 - 0% - 60%
2 - 0% - 40%
44 Defense
1 - 0% - 60%
2 - 0% - 40%
Last Minute Offensive  - 0:00
Last Minute Defensive  - 0:58
Total
Forward - 60:00
Defense - 60:00

Play by Play

1st period


0:01 of 1st period - Mark Van Guilder wins face-off versus Scott Gomez in neutral zone.
0:27 of 1st period - Alex Grant is hit by David Wolf.
0:53 of 1st period - B.J. Crombeen beats up Jon Landry.
0:53 of 1st period - Penalty to B.J. Crombeen for Fighting.
0:53 of 1st period - Penalty to Jon Landry for Fighting.
0:54 of 1st period - Brandon Yip wins face-off versus Alex Friesen in neutral zone.
0:58 of 1st period - Derek Grant beats up Nick Tuzzolino.
0:58 of 1st period - Penalty to Derek Grant for Fighting.
0:58 of 1st period - Penalty to Nick Tuzzolino for Fighting.
0:59 of 1st period - Alex Friesen wins face-off versus Kyle MacKinnon in Wild zone.
1:06 of 1st period - Wrist shot by Chris Conner.
1:06 of 1st period - Deflect By Kyle MacKinnon.
1:06 of 1st period - Stopped by Doug Carr with a rebound.
1:18 of 1st period - Wrist shot by Alex Friesen.
1:18 of 1st period - Shot Misses the Net.
1:46 of 1st period - Anthony Camara is hit by Nathan Oystrick and loses puck.
2:25 of 1st period - Ryan Carter is hit by Michael Keranen and loses puck.
2:53 of 1st period - Snap shot by Paul Carey.
2:53 of 1st period - Stopped by Doug Carr with a rebound.
2:55 of 1st period - Slapshot by Alex Grant.
2:55 of 1st period - Stopped by Doug Carr without a rebound.
2:56 of 1st period - Mark Van Guilder wins face-off versus Tim Kennedy in Wild zone.
3:08 of 1st period - Snap shot by Paul Carey.
3:08 of 1st period - Shot Misses the Net.
3:10 of 1st period - Slapshot by Bobby Sanguinetti.
3:10 of 1st period - Stopped by Doug Carr with a rebound.
3:12 of 1st period - Slapshot by Tim Kennedy.
3:12 of 1st period - Shot Misses the Net.
3:20 of 1st period - Snap shot by Paul Carey.
3:20 of 1st period - Stopped by Doug Carr with a rebound.
3:32 of 1st period - Micheal Haley is hit by Kyle MacKinnon and loses puck.
4:11 of 1st period - Mike Moore is hit by Chris Conner and loses puck.
4:45 of 1st period - Alex Friesen is hit by Ryan Carter and loses puck.
4:52 of 1st period - Ryan Carter is hit by Mike Moore and loses puck.
5:19 of 1st period - Slapshot by Michael Keranen.
5:19 of 1st period - Shot Misses the Net.
6:02 of 1st period - Julius Honka is hit by Kyle MacKinnon and loses puck.
6:20 of 1st period - Minor Penalty to Michael Keranen for Roughing.
6:21 of 1st period - Mark Van Guilder wins face-off versus Scott Gomez in Wild zone.
6:39 of 1st period - Slapshot by Scott Gomez.
6:39 of 1st period - Stopped by Doug Carr without a rebound.
6:40 of 1st period - Scott Gomez wins face-off versus Mark Van Guilder in Wild zone.
7:07 of 1st period - Wrist shot by David Wolf.
7:07 of 1st period - Stopped by Jeff Zatkoff with a rebound.
7:23 of 1st period - Dan Catenacci is hit by Shawn Thornton and loses puck.
7:44 of 1st period - Snap shot by Ryan Carter.
7:44 of 1st period - Goal by Ryan Carter - Wild : 0 - Ice Caps : 1.
7:45 of 1st period - Derek Grant wins face-off versus Alex Friesen in neutral zone.
7:52 of 1st period - Snap shot by Derek Grant.
7:52 of 1st period - Shot Misses the Net.
8:36 of 1st period - Snap shot by Michael Keranen.
8:36 of 1st period - Shot Blocked by Ryan Carter.
8:38 of 1st period - Slapshot by Jerome Leduc.
8:38 of 1st period - Stopped by Jeff Zatkoff with a rebound.
8:42 of 1st period - Snap shot by Francis Wathier.
8:42 of 1st period - Stopped by Jeff Zatkoff with a rebound.
8:52 of 1st period - Snap shot by Dan Catenacci.
8:52 of 1st period - Deflect By Francis Wathier.
8:52 of 1st period - Stopped by Jeff Zatkoff with a rebound.
9:12 of 1st period - Colin Stuart is hit by Shawn Thornton and loses puck.
9:23 of 1st period - Colin Stuart is hit by Patrick Dwyer and loses puck.
10:37 of 1st period - Wrist shot by B.J. Crombeen.
10:37 of 1st period - Stopped by Doug Carr with a rebound.
11:44 of 1st period - Jon Landry is hit by Paul Carey and loses puck.
11:56 of 1st period - Alex Friesen is hit by Kyle MacKinnon and loses puck.
12:57 of 1st period - Mark Van Guilder is hit by Patrick Dwyer.
13:19 of 1st period - Slapshot by Chris Conner.
13:19 of 1st period - Stopped by Doug Carr with a rebound.
13:25 of 1st period - David Wolf is hit by Chris Conner and loses puck.
13:44 of 1st period - B.J. Crombeen is hit by Julius Honka and loses puck.
13:55 of 1st period - Trevor Smith is hit by Mike Moore and loses puck.
14:19 of 1st period - Devin Shore is hit by Alex Biega and loses puck.
15:00 of 1st period - Wrist shot by Shawn Thornton.
15:00 of 1st period - Stopped by Doug Carr with a rebound.
15:02 of 1st period - Slapshot by Alex Grant.
15:02 of 1st period - Shot Blocked by Francis Wathier.
15:16 of 1st period - Wrist shot by Derek Grant.
15:16 of 1st period - Stopped by Doug Carr with a rebound.
15:18 of 1st period - Snap shot by Chris Conner.
15:18 of 1st period - Shot Misses the Net.
15:20 of 1st period - Slapshot by Nathan Oystrick.
15:20 of 1st period - Shot Blocked by Steve Eminger.
15:22 of 1st period - Slapshot by Barry Goers.
15:22 of 1st period - Deflect By Steve Eminger.
15:22 of 1st period - Stopped by Doug Carr without a rebound.
15:23 of 1st period - Mark Van Guilder wins face-off versus Derek Grant in Wild zone.
16:25 of 1st period - Wrist shot by Alex Friesen.
16:25 of 1st period - Deflect By Cam Janssen.
16:25 of 1st period - Shot Misses the Net.
16:25 of 1st period - Puck is out of play.
16:26 of 1st period - Derek Grant wins face-off versus Alex Friesen in Ice Caps zone.
16:37 of 1st period - Anthony Camara is hit by Bobby Sanguinetti and loses puck.
17:04 of 1st period - Jon Landry is hit by Patrick Dwyer and loses puck.
17:19 of 1st period - Micheal Haley is hit by Tim Kennedy and loses puck.
17:26 of 1st period - Snap shot by Kyle MacKinnon.
17:26 of 1st period - Stopped by Doug Carr without a rebound.
17:27 of 1st period - Tim Kennedy wins face-off versus David Wolf in Wild zone.
17:34 of 1st period - Slapshot by Paul Carey.
17:34 of 1st period - Stopped by Doug Carr without a rebound.
17:34 of 1st period - Doug Carr from Wild is injured at 17:34 of 1st period (Strained Right Elbow).
17:34 of 1st period - Jordan Binnington enters game.
17:35 of 1st period - Scott Gomez wins face-off versus David Wolf in Wild zone.
17:46 of 1st period - Slapshot by Patrick Dwyer.
17:46 of 1st period - Stopped by Jordan Binnington with a rebound.
17:48 of 1st period - Slapshot by Shawn Thornton.
17:48 of 1st period - Stopped by Jordan Binnington with a rebound.
17:50 of 1st period - Wrist shot by Patrick Dwyer.
17:50 of 1st period - Stopped by Jordan Binnington without a rebound.
17:51 of 1st period - Scott Gomez wins face-off versus Mark Van Guilder in Wild zone.
17:58 of 1st period - Wrist shot by Scott Gomez.
17:58 of 1st period - Stopped by Jordan Binnington with a rebound.
18:00 of 1st period - Slapshot by Alex Grant.
18:00 of 1st period - Shot Misses the Net.
18:15 of 1st period - Minor Penalty to David Wolf for Holding.
18:16 of 1st period - B.J. Crombeen wins face-off versus Mark Van Guilder in Wild zone.
19:04 of 1st period - Patrick Dwyer is hit by Devin Shore and loses puck.
19:31 of 1st period - Wrist shot by Shawn Thornton.
19:31 of 1st period - Shot Blocked by Mark Van Guilder.
Goals for this period are 0 for Wild vs 1 for Ice Caps.
Shots for this period are 4 for Wild vs 18 for Ice Caps.

2nd period


0:01 of 2nd period - Mark Van Guilder wins face-off versus Scott Gomez in neutral zone.
0:15 of 2nd period - Penalty to David Wolf is over, David Wolf is back on ice.
0:30 of 2nd period - Snap shot by Scott Gomez.
0:30 of 2nd period - Shot Misses the Net.
0:34 of 2nd period - Backhand shot by Patrick Dwyer.
0:34 of 2nd period - Shot Misses the Net.
0:36 of 2nd period - Snap shot by Alex Grant.
0:36 of 2nd period - Shot Blocked by Steve Eminger.
0:48 of 2nd period - Wrist shot by Ryan Carter.
0:48 of 2nd period - Shot Misses the Net.
1:17 of 2nd period - Snap shot by B.J. Crombeen.
1:17 of 2nd period - Stopped by Jordan Binnington with a rebound.
1:40 of 2nd period - Jon Landry beats up Derek Grant.
1:40 of 2nd period - Penalty to Derek Grant for Fighting.
1:40 of 2nd period - Penalty to Jon Landry for Fighting.
1:41 of 2nd period - Mark Van Guilder wins face-off versus Scott Gomez in neutral zone.
2:38 of 2nd period - Alex Friesen is hit by Ryan Carter.
2:46 of 2nd period - Snap shot by Alex Friesen.
2:46 of 2nd period - Shot Misses the Net.
2:52 of 2nd period - Mike Moore is hit by Alex Grant.
3:14 of 2nd period - Colin Stuart is hit by Alex Biega and loses puck.
3:23 of 2nd period - Bobby Sanguinetti is hit by Dan Catenacci and loses puck.
3:35 of 2nd period - Wrist shot by Devin Shore.
3:35 of 2nd period - Shot Blocked by Bobby Sanguinetti.
3:51 of 2nd period - Nick D'Agostino is hit by David Wolf and loses puck.
3:56 of 2nd period - Wrist shot by David Wolf.
3:56 of 2nd period - Stopped by Jeff Zatkoff with a rebound.
3:58 of 2nd period - Slapshot by Nick Tuzzolino.
3:58 of 2nd period - Deflect By Bobby Sanguinetti.
3:58 of 2nd period - Stopped by Jeff Zatkoff with a rebound.
4:00 of 2nd period - Slapshot by Mike Moore.
4:00 of 2nd period - Shot Misses the Net.
4:02 of 2nd period - Snap shot by Mike Moore.
4:02 of 2nd period - Stopped by Jeff Zatkoff with a rebound.
4:26 of 2nd period - Nathan Oystrick is hit by Francis Wathier and loses puck.
4:35 of 2nd period - Nick Tuzzolino is hit by Nathan Oystrick and loses puck.
5:40 of 2nd period - Wrist shot by Shawn Thornton.
5:40 of 2nd period - Shot Misses the Net.
6:15 of 2nd period - Alex Grant is hit by Jerome Leduc.
6:41 of 2nd period - Brandon Yip is hit by Alex Friesen and loses puck.
6:56 of 2nd period - Minor Penalty to David Wolf for Roughing.
6:57 of 2nd period - Mark Van Guilder wins face-off versus Ryan Carter in Wild zone.
6:57 of 2nd period - Mark Van Guilder is hit by Bobby Sanguinetti.
7:37 of 2nd period - Snap shot by Patrick Dwyer.
7:37 of 2nd period - Shot Blocked by Mark Van Guilder.
8:56 of 2nd period - Penalty to David Wolf is over, David Wolf is back on ice.
10:00 of 2nd period - Tim Kennedy is hit by Cam Janssen and loses puck.
10:05 of 2nd period - Wrist shot by Alex Friesen.
10:05 of 2nd period - Stopped by Jeff Zatkoff without a rebound.
10:06 of 2nd period - Mark Van Guilder wins face-off versus Derek Grant in Ice Caps zone.
10:23 of 2nd period - Snap shot by Chris Conner.
10:23 of 2nd period - Stopped by Jordan Binnington with a rebound.
10:25 of 2nd period - Wrist shot by Alex Grant.
10:25 of 2nd period - Stopped by Jordan Binnington with a rebound.
10:38 of 2nd period - Icing by Shawn Thornton.
10:39 of 2nd period - Kyle MacKinnon wins face-off versus Devin Shore in Ice Caps zone.
10:52 of 2nd period - Snap shot by Colin Stuart.
10:52 of 2nd period - Shot Misses the Net.
10:54 of 2nd period - Wrist shot by Colin Stuart.
10:54 of 2nd period - Deflect By Devin Shore.
10:54 of 2nd period - Stopped by Jeff Zatkoff without a rebound.
10:55 of 2nd period - Devin Shore wins face-off versus Ryan Carter in Ice Caps zone.
11:19 of 2nd period - Slapshot by Alex Friesen.
11:19 of 2nd period - Stopped by Jeff Zatkoff with a rebound.
11:44 of 2nd period - Slapshot by Bobby Sanguinetti.
11:44 of 2nd period - Shot Misses the Net.
11:46 of 2nd period - Minor Penalty to Cam Janssen for Tripping.
11:47 of 2nd period - Mark Van Guilder wins face-off versus Scott Gomez in Wild zone.
12:31 of 2nd period - Jon Landry is hit by Ryan Carter.
13:46 of 2nd period - Penalty to Cam Janssen is over, Cam Janssen is back on ice.
13:59 of 2nd period - Mike Moore is hit by Brandon Yip and loses puck.
14:08 of 2nd period - Chris Conner is hit by Alex Friesen and loses puck.
15:19 of 2nd period - Slapshot by Alex Friesen.
15:19 of 2nd period - Shot Misses the Net.
15:21 of 2nd period - Snap shot by Mike Moore.
15:21 of 2nd period - Shot Misses the Net.
15:23 of 2nd period - Snap shot by Colin Stuart.
15:23 of 2nd period - Shot Blocked by Alex Grant.
15:25 of 2nd period - Wrist shot by Colin Stuart.
15:25 of 2nd period - Stopped by Jeff Zatkoff without a rebound.
15:26 of 2nd period - Mark Van Guilder wins face-off versus Brandon Yip in Ice Caps zone.
15:57 of 2nd period - Nathan Oystrick is hit by Mark Van Guilder and loses puck.
16:04 of 2nd period - Micheal Haley is hit by Paul Carey and loses puck.
16:19 of 2nd period - Shawn Thornton is hit by Julius Honka and loses puck.
17:06 of 2nd period - Icing by Mike Moore.
17:07 of 2nd period - Ryan Carter wins face-off versus Dan Catenacci in Wild zone.
17:14 of 2nd period - Trevor Smith is hit by Michael Keranen.
17:24 of 2nd period - Nick Tuzzolino is hit by Derek Grant and loses puck.
18:41 of 2nd period - Mike Moore is hit by Patrick Dwyer and loses puck.
19:45 of 2nd period - Snap shot by Micheal Haley.
19:45 of 2nd period - Goal by Micheal Haley - Wild : 1 - Ice Caps : 1.
19:46 of 2nd period - Anthony Camara wins face-off versus Ryan Carter in neutral zone.
19:59 of 2nd period - Slapshot by B.J. Crombeen.
19:59 of 2nd period - Shot Misses the Net.
Goals for this period are 1 for Wild vs 0 for Ice Caps.
Shots for this period are 8 for Wild vs 3 for Ice Caps.

3rd period


0:01 of 3rd period - Scott Gomez wins face-off versus Dan Catenacci in neutral zone.
0:22 of 3rd period - Shawn Thornton is hit by Francis Wathier and loses puck.
0:31 of 3rd period - Slapshot by Shawn Thornton.
0:31 of 3rd period - Shot Misses the Net.
0:33 of 3rd period - Backhand shot by Shawn Thornton.
0:33 of 3rd period - Shot Blocked by Michael Keranen.
0:53 of 3rd period - Snap shot by Ryan Carter.
0:53 of 3rd period - Stopped by Jordan Binnington with a rebound.
0:55 of 3rd period - Snap shot by Ryan Carter.
0:55 of 3rd period - Shot Misses the Net.
1:39 of 3rd period - Mark Van Guilder is hit by Derek Grant and loses puck.
1:50 of 3rd period - Snap shot by Micheal Haley.
1:50 of 3rd period - Stopped by Jeff Zatkoff with a rebound.
1:52 of 3rd period - Slapshot by Jon Landry.
1:52 of 3rd period - Deflect By Micheal Haley.
1:52 of 3rd period - Stopped by Jeff Zatkoff with a rebound.
1:54 of 3rd period - Slapshot by Nick Tuzzolino.
1:54 of 3rd period - Stopped by Jeff Zatkoff without a rebound.
1:55 of 3rd period - Tim Kennedy wins face-off versus Alex Friesen in Ice Caps zone.
2:00 of 3rd period - Snap shot by Paul Carey.
2:00 of 3rd period - Stopped by Jordan Binnington with a rebound.
2:02 of 3rd period - Slapshot by Barry Goers.
2:02 of 3rd period - Stopped by Jordan Binnington with a rebound.
2:08 of 3rd period - Wrist shot by Scott Gomez.
2:08 of 3rd period - Stopped by Jordan Binnington with a rebound.
2:20 of 3rd period - Wrist shot by Paul Carey.
2:20 of 3rd period - Stopped by Jordan Binnington with a rebound.
2:44 of 3rd period - Micheal Haley is hit by Barry Goers.
2:56 of 3rd period - Wrist shot by David Wolf.
2:56 of 3rd period - Stopped by Jeff Zatkoff with a rebound.
2:58 of 3rd period - Snap shot by Mark Van Guilder.
2:58 of 3rd period - Stopped by Jeff Zatkoff with a rebound.
3:00 of 3rd period - Snap shot by Micheal Haley.
3:00 of 3rd period - Shot Misses the Net.
3:02 of 3rd period - Backhand shot by Mike Moore.
3:02 of 3rd period - Stopped by Jeff Zatkoff without a rebound.
3:03 of 3rd period - Devin Shore wins face-off versus Brandon Yip in Ice Caps zone.
4:52 of 3rd period - B.J. Crombeen is hit by Alex Friesen and loses puck.
5:13 of 3rd period - Steve Eminger is hit by Paul Carey and loses puck.
5:59 of 3rd period - Slapshot by David Wolf.
5:59 of 3rd period - Stopped by Jeff Zatkoff with a rebound.
6:46 of 3rd period - Trevor Smith is hit by Jon Landry.
6:54 of 3rd period - Ryan Carter is hit by Cam Janssen and loses puck.
7:38 of 3rd period - Off-side.
7:39 of 3rd period - Devin Shore wins face-off versus Derek Grant in neutral zone.
9:19 of 3rd period - Off-side.
9:20 of 3rd period - Scott Gomez wins face-off versus Alex Friesen in neutral zone.
9:49 of 3rd period - Icing by Shawn Thornton.
9:50 of 3rd period - Scott Gomez wins face-off versus Dan Catenacci in Ice Caps zone.
9:50 of 3rd period - Scott Gomez is hit by Francis Wathier.
10:29 of 3rd period - Slapshot by Trevor Smith.
10:29 of 3rd period - Stopped by Jordan Binnington without a rebound.
10:30 of 3rd period - Anthony Camara wins face-off versus Tim Kennedy in Wild zone.
10:39 of 3rd period - Snap shot by Alex Friesen.
10:39 of 3rd period - Shot Misses the Net.
10:58 of 3rd period - Scott Gomez is hit by Dan Catenacci.
11:27 of 3rd period - Nick Tuzzolino is hit by Trevor Smith and loses puck.
11:42 of 3rd period - Snap shot by Alex Friesen.
11:42 of 3rd period - Stopped by Jeff Zatkoff with a rebound.
11:50 of 3rd period - Snap shot by Patrick Dwyer.
11:50 of 3rd period - Shot Misses the Net.
11:52 of 3rd period - Snap shot by Shawn Thornton.
11:52 of 3rd period - Goal by Shawn Thornton - Wild : 1 - Ice Caps : 2.
11:53 of 3rd period - Derek Grant wins face-off versus Mark Van Guilder in neutral zone.
12:00 of 3rd period - Snap shot by Chris Conner.
12:00 of 3rd period - Stopped by Jordan Binnington without a rebound.
12:01 of 3rd period - Mark Van Guilder wins face-off versus Derek Grant in Wild zone.
12:22 of 3rd period - Chris Conner is hit by David Wolf and loses puck.
13:05 of 3rd period - Snap shot by Michael Keranen.
13:05 of 3rd period - Shot Misses the Net.
13:45 of 3rd period - Wrist shot by Dan Catenacci.
13:45 of 3rd period - Stopped by Jeff Zatkoff with a rebound.
14:23 of 3rd period - Wrist shot by Anthony Camara.
14:23 of 3rd period - Shot Misses the Net.
14:25 of 3rd period - Wrist shot by Alex Friesen.
14:25 of 3rd period - Shot Blocked by Scott Gomez.
14:27 of 3rd period - Wrist shot by Alex Friesen.
14:27 of 3rd period - Shot Misses the Net.
14:29 of 3rd period - Slapshot by Steve Eminger.
14:29 of 3rd period - Shot Misses the Net.
14:31 of 3rd period - Wrist shot by Alex Friesen.
14:31 of 3rd period - Stopped by Jeff Zatkoff with a rebound.
15:37 of 3rd period - Wrist shot by B.J. Crombeen.
15:37 of 3rd period - Shot Blocked by Steve Eminger.
15:39 of 3rd period - Snap shot by Trevor Smith.
15:39 of 3rd period - Deflect By B.J. Crombeen.
15:39 of 3rd period - Shot Misses the Net.
15:39 of 3rd period - Puck is out of play.
15:40 of 3rd period - Alex Friesen wins face-off versus Kyle MacKinnon in Wild zone.
16:51 of 3rd period - Trevor Smith is hit by Mike Moore and loses puck.
17:16 of 3rd period - Snap shot by Mark Van Guilder.
17:16 of 3rd period - Stopped by Jeff Zatkoff with a rebound.
17:18 of 3rd period - Snap shot by Micheal Haley.
17:18 of 3rd period - Stopped by Jeff Zatkoff with a rebound.
17:20 of 3rd period - Slapshot by Jerome Leduc.
17:20 of 3rd period - Shot Misses the Net.
17:46 of 3rd period - Steve Eminger is hit by Brandon Yip and loses puck.
18:28 of 3rd period - Wrist shot by Paul Carey.
18:28 of 3rd period - Deflect By Scott Gomez.
18:28 of 3rd period - Stopped by Jordan Binnington without a rebound.
18:29 of 3rd period - Alex Friesen wins face-off versus Paul Carey in Wild zone.
18:36 of 3rd period - Slapshot by Scott Gomez.
18:36 of 3rd period - Deflect By Paul Carey.
18:36 of 3rd period - Stopped by Jordan Binnington without a rebound.
18:37 of 3rd period - Alex Friesen wins face-off versus Scott Gomez in Wild zone.
19:13 of 3rd period - Alex Friesen is hit by Patrick Dwyer and loses puck.
Goals for this period are 0 for Wild vs 1 for Ice Caps.
Shots for this period are 12 for Wild vs 10 for Ice Caps.